Megumin, chaotic female elven Wizard ------------ |...........# |..........|# ------ --- |..........|# |.... . |.......<..+## |...- .- ------------## |...| -------.| #### |...| |.....|.| | # # |...| --+|.@_(.|.--|- -- | # ### |...--+--..|...(@|....---+- ...| #### # #|..........|....a|.............| #-------### #.........{.-----|-.{...........| #|......######|...........%...[............... #|.....| ### |...-|---...........-+ -- -- | #|..... |...|. --------.---- #|.....| +...|(( |.| #|.....| |...|(( .+ #|..>..| |...---- -.- ------- |.... . ------ --- Megumin the Thaumaturge Experience level: 7 Strength: 14 Dexterity: 13 Constitution: 14 Intelligence: 21 Wisdom: 9 Charisma: 9 Health: 0(46) Energy: 47(95) AC: 9 Gold: 370 Moves: 2807 Your Inventory: Coins $ - 370 gold pieces Weapons a - a blessed +1 quarterstaff (weapon in hands) q - an [uncursed +0] crude dagger [orcish] y - an [uncursed +0] dagger z - 4 [uncursed +0] daggers [of reflection] (in quiver) Armor b - an uncursed +0 cloak of magic resistance (being worn) Comestibles D - an [uncursed] lizard corpse Scrolls i - an uncursed scroll of punishment j - a blessed scroll of identify k - 2 uncursed scrolls of identify r - an [uncursed] scroll labeled ELBIB YLOH [of remove curse] v - 2 [uncursed] unlabeled scrolls [of blank paper] w - a [blessed] unlabeled scroll [of blank paper] Potions f - an uncursed potion of object detection g - an uncursed potion of healing h - an uncursed potion of see invisible o - a [blessed] brown potion [of fruit juice] u - an [uncursed] yellow potion [of sleeping] Rings d - an uncursed +1 ring of gain intelligence (on right hand) e - an uncursed +1 ring of adornment (on left hand) Wands c - an uncursed wand of create monster (0:14) Tools n - an uncursed wooden harp t - an [uncursed] towel B - an [uncursed] blindfold C - an [uncursed] brass lantern Spells known in the end: Name Level Category Fail Memory a - force bolt 1 attack 0% [|||||||.] b - magic missile 2 attack 0% [|||||||.] c - jumping 1 escape 0% [||||||||] Your skills at the end: Fighting Skills Weapon Skills quarterstaff [Basic / Expert] Spellcasting Skills attack spells [Skilled / Expert] enchantment spells [Basic / Skilled] Final Attributes: You were piously aligned. Hunger level was 369. Your alignment was 23 / 24. Monster difficulty range was 0 - 6. Level difficulty was 5. You were immune to sleep. You were magic-protected. You saw invisible. You had infravision. You were adorned. Your luck was zero. You are dead. Vanquished creatures: a gnome king a brown pudding a lizard a housecat a plains centaur a rock piercer a rock mole a yellow light a shrieker 2 gnome lords 3 gnomish wizards 2 elf zombies a paper golem a kitten 5 dwarves 2 dwarf zombies a hobbit a giant rat 25 gnomes 4 geckos 3 jackals 2 kobolds a goblin 2 sewer rats 2 grid bugs 4 lichens 3 newts 73 creatures vanquished. Voluntary challenges: You used a wielded weapon 27 times. You read items or engraved 1 time. You put on armor 1 time. You never genocided any monsters. You never polymorphed an object. You never changed form. You used no wishes. You never wrote Elbereth's name. You never encountered a bones level. You never used any Sokoban shortcuts. Dungeon overview: The Dungeons of Doom: levels 1 to 3 Level 1 a sink a long staircase Level 2 a potion shop, an altar stairs to The Gnomish Mines The Gnomish Mines: levels 3 to 5 Level 3 stairs to The Dungeons of Doom Level 5 <- You were here a tool shop, a temple, a magic chest, some fountains History has recorded: On T:1 you entered the Dungeons of Doom to retrieve the Amulet of Yendor! On T:73 you reached level 2 of The Dungeons of Doom. On T:212 you reached level 3 of The Dungeons of Doom. On T:453 you advanced to experience level 2. On T:608 you reached level 1 of The Gnomish Mines. On T:609 you advanced to experience level 3. On T:1026 you advanced to experience level 4. On T:1037 you advanced to experience level 5. On T:1078 you reached level 2 of The Gnomish Mines. On T:1080 you advanced to experience level 6. On T:1823 you advanced to experience level 7. On T:1919 you reached level 3 of The Gnomish Mines. Latest messages: You put a spellbook of jumping into the magic chest. The soldier ant bites! The soldier ant stings! The soldier ant bites! The soldier ant stings! [HP-22=24] The spell misses the soldier ant. The soldier ant bites! The soldier ant stings! [HP-12=12] The spell hits the soldier ant! The soldier ant bites! The soldier ant stings! The soldier ant bites! You die... Final status: Goodbye Megumin the Wizard... You died in The Gnomish Mines on dungeon level 5 with 3309 points, and 370 pieces of gold, after 2807 moves. You were level 7 with a maximum of 46 hit points when you died.